 Dungeon Crawl Stone Soup version 0.19-a0-1670-gc28a5d9 (webtiles) character file.

13583 epen the Martial Artist (level 11, -3/97 HPs)
             Began as a Vampire Monk on Sept 21, 2016.
             Was an Elder of Ru.
             Killed from afar by a rime drake (12 damage)
             ... with a flash freeze
             ... on level 12 of the Dungeon.
             The game lasted 00:28:15 (16906 turns).

epen the Martial Artist (Vampire Monk)             Turns: 16906, Time: 00:28:15

Health: -3/97      AC:  0    Str: 11    XL:     11   Next: 77%
Magic:  14/15      EV: 31    Int: 13    God:    Ru [****..]
Gold:   691        SH:  0    Dex: 22    Spells: 0 memorised, 10 levels left

rFire  . . .     SeeInvis +       - Unarmed
rCold  . . .     Gourm    .     (armour currently unavailable)
rNeg   + . .     Faith    .     (shield unavailable)
rPois  .         Spirit   .     (helmet currently unavailable)
rElec  .         Dismiss  .     (cloak currently unavailable)
rCorr  .         Reflect  .     (gloves currently unavailable)
MR     +....     Harm     .     (boots currently unavailable)
Stlth  ..........               (no amulet)
                                (ring currently unavailable)
                                (ring unavailable)

@: about to teleport, bat-form, flying, very quick
A: fangs 3, (horns 0), rugged brown scales 1, see invisible, robust 1, weak 1,
(unbreathing), missing a hand, no stealth, no conjurations magic, no hexes
magic, no ice magic
a: End Transformation, Draw Out Power, Power Leap, Renounce Religion


You were on level 12 of the Dungeon.
You worshipped Ru.
Ru was greatly pleased with you.
You were not thirsty.
You were in vampire-bat-form.
You visited 2 branches of the dungeon, and saw 13 of its levels.
You also visited: Labyrinth and Ossuary.

You collected 691 gold pieces.

Inventory:

Hand Weapons
 d - the +1 falchion of Ahez {slice, rC+}
   (You found it in a labyrinth)

   It inflicts extra damage upon your enemies.
   It protects you from cold.
 k - a +2 dagger of electrocution
Missiles
 G - a throwing net (quivered)
Armour
 i - a +0 cloak (melded)
 n - a +2 pair of boots (melded)
 r - the +1 plate armour of the Ditch-Digger {rElec}
   (You found it in a labyrinth)

   It insulates you from electricity.
 v - the +0 ring mail "Gavepiss" {Regen+ Str+2}
   (You found it on level 6 of the Dungeon)

   It affects your strength (+2).
   It increases your rate of regeneration.
 y - the +5 chain mail of Liyteamo (melded) {rN+}
   (You found it in a labyrinth)

   It protects you from negative energy.
 K - the +1 ring mail of Boredom {MR+ SInv}
   (You found it on level 10 of the Dungeon)

   It affects your resistance to hostile enchantments.
   It lets you see invisible.
Jewellery
 f - an uncursed ring of fire
 h - an uncursed amulet of magic regeneration
 J - a ring of positive energy (melded)
Wands
 a - a wand of lightning (7/15)
 j - a wand of flame (10/48)
 o - a wand of confusion (7/48)
 s - a wand of flame (21/48)
 w - a wand of slowing (27/48)
 C - a wand of acid (15/15)
 H - a wand of acid (8/15)
 I - a wand of acid (10/15)
Scrolls
 e - 10 scrolls of remove curse
 D - 3 scrolls of recharging
 E - a scroll of fear
 M - a scroll of amnesia
Potions
 b - 9 potions of blood
 c - a potion of might
 l - a potion of curing
 m - 4 potions of flight
 p - 3 potions of cure mutation
 t - a potion of agility
 u - 2 potions of haste
 x - a potion of brilliance
 z - a potion of cancellation
 A - a potion of magic
Books
 B - a book of the Sky

   Spells                             Type                      Level
   a - Summon Lightning Spire         Summoning/Air                4
   b - Airstrike                      Air                          4
   c - Silence                        Hexes/Air                    5
   d - Deflect Missiles               Charms/Air                   6
   e - Conjure Ball Lightning         Conjuration/Air              6
   f - Tornado                        Air                          9
 F - a book of Beasts

   Spells                             Type                      Level
   a - Summon Butterflies             Summoning                    1
   b - Call Canine Familiar           Summoning                    3
   c - Summon Ice Beast               Ice/Summoning                4
   d - Summon Mana Viper              Hexes/Summoning              5
   e - Summon Hydra                   Summoning                    7


   Skills:
 + Level 8.2 Fighting
 + Level 4.5 Throwing
 + Level 9.9 Dodging
 * Level 13.4 Unarmed Combat
 + Level 5.7 Evocations


You had 10 spell levels left.
You didn't know any spells.

Dungeon Overview and Level Annotations

Branches:
Dungeon (12/15)            Temple (1/1) D:6            Lair (0/6) D:8
    Orc: D:9-12

Altars:
Ashenzari
Cheibriados
Gozag
Hepliaklqana
Nemelex Xobeh
Okawaru
Qazlal
Ru
Sif Muna
Trog
Vehumet
Xom
Yredelemnul
The Shining One

Portals:
Ice
Cave: D:12


Innate Abilities, Weirdness & Mutations

You have razor-sharp teeth.
You have supernaturally acute eyesight. (SInv)
((You can survive without breathing.))
You are missing a hand.
You cannot be stealthy.
You cannot study or cast Conjurations magic.
You cannot study or cast Hexes magic.
You cannot study or cast Ice magic.
((You have a pair of small horns on your head.))
(You are partially covered in rugged brown scales. (AC +1, +3% HP))
You are robust. (+10% HP)
You are weak. (Str -2)


Message History

You turn into a vampire bat.
Your +0 cloak melds into your body.
Your +2 pair of boots melds into your body.
The +5 chain mail of Liyteamo {rN+} melds into your body.
Your ring of positive energy melds into your body.
The ice encasing you melts away. The rime drake breathes ice at you.
The flash freeze hits you!
You are encased in ice.
You see here a bread ration.
The ice encasing you melts away. The rime drake breathes ice at you.
The flash freeze hits you!
* * * LOW HITPOINT WARNING * * *
You are encased in ice.
As you read the scroll of teleportation, it crumbles to dust.
You feel strangely unstable. The ice encasing you melts away.
The rime drake breathes ice at you. The flash freeze hits you!
You die...

###.......).......# .#
#...............########.####
#......................!.....
###........................####.
......#########..k.kk%..........
......# #.k#######..≈≈≈≈≈#
###...# #..# #.k#####≈. #...#
#..# #.....∩# #...# #.b#
#≈.....# #...#########..#
#.#≈...# #..............# ##
#≈..# #..............########
#.... #..............$...!...
≈..## ###....#######...........
#### .......# #...........
.......# #....####### .......#
#....#


You could see 2 rime drakes.

Vanquished Creatures
  A minotaur (Lab)
  The ghost of sergedm the Covert, a novice OpAs of Okawaru (D:8)
  The ghost of kae the Martial Artist, a novice DsMo of Okawaru (D:11)
  Nergalle (D:10)
  An unseen horror (D:11)
  A hill giant (D:11)
  A cyclops (D:10)
  A two-headed ogre (D:11)
  2 trolls
  4 hippogriffs
  Sigmund (D:2)
  A wraith (D:10)
  A human (D:10)
  A hungry ghost (D:11)
  Grum (D:8)
  10 yaks
  A water moccasin (D:4)
  3 sky beasts
  3 ice beasts
  7 orc warriors
  2 phantoms
  3 black bears
  2 ogres
  3 centaurs
  2 wolves
  7 bullfrogs
  2 big kobolds
  2 scorpions
  A wyvern skeleton (D:12)
  5 killer bees (D:9)
  3 wights (D:8)
  2 howler monkeys
  3 crimson imps
  6 centaur zombies
  2 jellies
  7 hounds
  14 orc wizards
  6 bullfrog skeletons
  6 orc priests
  Jessica (D:3)
  A centaur skeleton (D:11)
  A human zombie (Ossuary)
  2 iguanas
  11 worker ants
  A big kobold zombie (Ossuary)
  A hound zombie (Ossuary)
  4 mummies
  5 worker ant zombies
  Robin (D:4)
  4 gnolls (D:6)
  A howler monkey skeleton (D:4)
  13 adders
  5 shadow imps
  An ooze (D:1)
  3 adder skeletons
  6 adder zombies (Ossuary)
  2 worms (D:2)
  2 dart slugs (D:3)
  9 leopard geckos
  33 orcs
  6 bats
  6 giant cockroaches
  A gnoll zombie (Ossuary)
  17 goblins
  12 hobgoblins
  24 jackals
  16 kobolds
  6 quokkas
  6 frilled lizards
  4 goblin zombies (Ossuary)
  3 jackal zombies (Ossuary)
  5 kobold zombies
  3 orc zombies
  3 quokka skeletons
  2 quokka zombies (Ossuary)
  8 rats
  6 rat zombies (Ossuary)
356 creatures vanquished.

Vanquished Creatures (others)
  A leopard gecko (D:9)
  3 orcs
4 creatures vanquished.

Grand Total: 360 creatures vanquished

Notes
Turn   | Place    | Note
-------+----------+-------------------------------------------
     0 | D:1      | epen the Vampire Monk began the quest for the Orb.
     0 | D:1      | Reached XP level 1. HP: 17/17 MP: 1/1
   189 | D:1      | Reached XP level 2. HP: 16/23 MP: 2/2
   345 | D:1      | Reached skill level 4 in Unarmed Combat
   920 | D:2      | Reached XP level 3. HP: 28/28 MP: 3/3
  1189 | D:2      | Noticed Sigmund
  2222 | D:3      | Reached XP level 4. HP: 35/35 MP: 4/4
  2775 | D:3      | Reached skill level 5 in Unarmed Combat
  3212 | D:3      | Noticed Jessica
  3218 | D:3      | Killed Jessica
  3218 | D:3      | Reached XP level 5. HP: 35/41 MP: 5/5
  3855 | D:2      | Killed Sigmund
  3855 | D:2      | Reached skill level 6 in Unarmed Combat
  3855 | D:2      | Reached XP level 6. HP: 10/48 MP: 6/6
  4689 | D:4      | Found a sand-covered staircase.
  4701 | Ossuary  | Entered an ossuary
  4836 | Ossuary  | Reached skill level 5 in Dodging
  4982 | Ossuary  | Reached XP level 7. HP: 48/54 MP: 7/7
  5025 | Ossuary  | Reached skill level 7 in Unarmed Combat
  5383 | D:4      | Noticed Robin
  5410 | D:4      | Killed Robin
  5846 | D:5      | Entered Level 5 of the Dungeon
  6120 | D:5      | Reached skill level 8 in Unarmed Combat
  6192 | D:5      | Reached XP level 8. HP: 52/61 MP: 8/8
  6287 | D:5      | Reached skill level 5 in Fighting
  7428 | D:6      | Found a hazy altar of Hepliaklqana.
  7570 | D:6      | Found a staircase to the Ecumenical Temple.
  7614 | Temple   | Entered the Ecumenical Temple
  7668 | Temple   | Became a worshipper of Ru the Awakened
  7691 | Temple   | Gained mutation: You cannot study or cast Ice magic. [Ru sacrifice]
  7691 | Temple   | Gained mutation: You cannot study or cast Hexes magic. [Ru sacrifice]
  7691 | Temple   | Gained mutation: You cannot study or cast Conjurations magic. [Ru sacrifice]
  7691 | Temple   | Reached * piety under Ru
  7718 | D:6      | Reached skill level 9 in Unarmed Combat
  8039 | D:6      | Got a distressingly furry ring mail
  8050 | D:6      | Identified the +0 ring mail "Gavepiss" {Regen+ Str+2} (You found it on level 6 of the Dungeon)
  8131 | D:6      | Reached skill level 1 in Evocations
  8678 | D:7      | Noticed a hippogriff
  8690 | D:7      | Killed a hippogriff
  8747 | D:7      | Reached XP level 9. HP: 66/69 MP: 10/10
  8968 | D:7      | Reached skill level 10 in Unarmed Combat
  9491 | D:8      | Found a sparkling altar of Nemelex Xobeh.
  9535 | D:8      | Noticed Grum
  9937 | D:8      | Gained mutation: You are missing a hand. [Ru sacrifice]
  9937 | D:8      | Reached ** piety under Ru
  9937 | D:8      | Reached *** piety under Ru
  9937 | D:8      | Reached **** piety under Ru
 10020 | D:8      | Found a staircase to the Lair.
 10170 | D:8      | Killed Grum
 10170 | D:8      | Reached skill level 1 in Throwing
 10220 | D:8      | Reached skill level 11 in Unarmed Combat
 10223 | D:8      | HP: 3/71 [orc warrior/battleaxe (18)]
 10922 | D:8      | Noticed sergedm's ghost (novice OpAs)
 10943 | D:8      | Killed sergedm's ghost
 10943 | D:8      | Reached XP level 10. HP: 49/77 MP: 12/12
 11568 | D:9      | Gained mutation: You are weak. (Str -2) [potion of mutation]
 11568 | D:9      | Gained mutation: You have a pair of small horns on your head. [potion of mutation]
 11568 | D:9      | Gained mutation: You are partially covered in rugged brown scales. (AC +1, +3% HP) [potion of mutation]
 11644 | D:9      | You fall through a shaft for 2 floors!
 11644 | D:11     | Noticed kae's ghost (novice DsMo)
 11651 | D:11     | Noticed a cyan ugly thing
 11651 | D:11     | Noticed a hill giant
 11743 | D:11     | Found a labyrinth entrance.
 11745 | D:11     | Noticed an unseen horror
 11754 | Lab      | Entered a labyrinth
 12105 | Lab      | Noticed a minotaur
 12121 | Lab      | Killed a minotaur
 12121 | Lab      | Reached skill level 12 in Unarmed Combat
 12129 | Lab      | Got a pitted falchion
 12129 | Lab      | Got a dazzling plate armour
 12129 | Lab      | Got an ichor-stained chain mail
 12142 | Lab      | Identified the +1 plate armour of the Ditch-Digger {rElec} (You found it in a labyrinth)
 12152 | Lab      | Identified the +5 chain mail of Liyteamo {rN+} (You found it in a labyrinth)
 12213 | Lab      | Identified the cursed +1 falchion of Ahez {slice, rC+} (You found it in a labyrinth)
 12238 | D:10     | Entered Level 10 of the Dungeon
 12415 | D:9      | Gained mutation: You cannot be stealthy. [Ru sacrifice]
 13341 | D:10     | Noticed Nergalle
 13774 | D:10     | Got an encrusted ring mail
 13789 | D:10     | Identified the cursed +1 ring mail of Boredom {MR+ SInv} (You found it on level 10 of the Dungeon)
 13917 | D:10     | Killed Nergalle
 13917 | D:10     | Reached XP level 11. HP: 20/86 MP: 14/14
 14633 | D:10     | Reached skill level 5 in Evocations
 15577 | D:11     | Killed an unseen horror
 15577 | D:11     | Reached skill level 13 in Unarmed Combat
 15858 | D:11     | Killed a hill giant
 16212 | D:11     | Killed kae's ghost
 16382 | D:11     | Noticed a brown ugly thing
 16676 | D:12     | Gained mutation: You are robust. (+10% HP) [potion of beneficial mutation]
 16892 | D:12     | Found a frozen archway.
 16906 | D:12     | Killed from afar by a rime drake

Vault maps used:
D:1:      lightli_molten_gateway
D:2:      uniq_sigmund
D:3:      first_bread, kennysheep_jessica_study
D:4:      nicolae_ossuary_entry_giza, uniq_robin
D:6:      basic_altar, hangedman_abyss_or_decor_passed
D:8:      lair_0_dummy, basic_altar, uniq_grum
D:10:     grunt_pizzeria, uniq_nergalle
D:11:     lab_entry_generic
D:12:     hiddenorc2_lemuel, portal_ice_cave_rime, hangedman_decor_growths,
          spider_trap
Temple:   regret_index_temple_sigil_plot
Lab:      labyrinth_lava_lair, labyrinth_skeletal_remains
Ossuary:  minmay_ossuary_two_tombs

Skill      XL: |  1  2  3  4  5  6  7  8  9 10 11 |
---------------+----------------------------------+-----
Unarmed Combat | 4 5 6 8 9 11 12 13 | 13.4
Fighting       | 3 4 5 6 7 8 |  8.2
Dodging        | 4 5 6 8 9 |  9.9
Evocations     | 1 3 4 5 |  5.7
Throwing       | 1 3 4 |  4.5
Stealth        | 0 |  0.0

Action                   |  1- 3 |  4- 6 |  7- 9 | 10-12 || total
-------------------------+-------+-------+-------+-------++-------
Melee: Unarmed           |   111 |   294 |   599 |   574 ||  1578
       Bite              |    11 |    23 |    73 |    65 ||   172
       Punch             |     3 |     8 |    16 |       ||    27
       Headbutt          |       |       |       |   100 ||   100
Invok: Sacrifice Arcana  |       |       |     1 |       ||     1
       Power Leap        |       |       |     1 |     2 ||     3
       Sacrifice a Hand  |       |       |     1 |       ||     1
       Sacrifice Stealth |       |       |       |     1 ||     1
       Reject Sacrifices |       |       |       |     1 ||     1
 Abil: Bat Form          |       |       |     3 |     8 ||    11
       End Transformatio |       |       |     3 |     7 ||    10
  Use: Potion            |     3 |    11 |     8 |    23 ||    45
       Scroll            |       |     6 |     8 |    21 ||    35
 Stab: Sleeping          |     9 |     9 |    10 |     1 ||    29
       Distracted        |       |       |     2 |     4 ||     6
       Invisible         |       |       |       |     6 ||     6
Armor: Robe              |     5 |    47 |    39 |       ||    91
       Ring mail         |       |       |    63 |    25 ||    88
       Chain mail        |       |       |       |   224 ||   224
Dodge: Dodged            |    79 |   181 |   401 |   196 ||   857
